 Dungeon Crawl Stone Soup version 0.27.1-4-g1640c2035a (webtiles) character file.

Game seed: 17706170641463305600

27 bellerephron the Shield-Bearer (level 2, -2/24 HPs)
             Began as a Demonspawn Fighter on Nov 5, 2021.
             Succumbed to a kobold's poison
             ... on level 2 of the Dungeon.
             The game lasted 00:05:12 (1030 turns).

bellerephron the Shield-Bearer (Demonspawn Fighter) Turns: 1030, Time: 00:05:12

Health: -2/24      AC:  6    Str: 16    XL:     2   Next: 93%
Magic:  2/2        EV:  6    Int:  9    God:
Gold:   39         SH:  8    Dex: 12    Spells: 1/1 levels left

rFire    . . .     SeeInvis .   a - +0 rapier
rCold    . . .     Faith    .   c - +0 kite shield
rNeg     . . .     Spirit   .   b - +0 scale mail
rPois    .         Reflect  .   (no helmet)
rElec    .         Harm     .   (no cloak)
rCorr    .         Rampage  .   (no gloves)
Will     .....                  (no boots)
Stlth    ..........             (no amulet)
HPRegen  0.08/turn              (no ring)
MPRegen  0.08/turn              (no ring)

@: lethally poisoned (-2 -> -20)
A: demonic guardian 1
a: no special abilities


You were on level 2 of the Dungeon.
You visited 1 branch of the dungeon, and saw 2 of its levels.

You collected 39 gold pieces.

Inventory:

Hand Weapons
 a - a +0 rapier (weapon)
Missiles
 g - 17 stones (quivered)
Armour
 b - a +0 scale mail (worn)
 c - a +0 kite shield (worn)
Scrolls
 f - 3 scrolls of teleportation {unknown}
Potions
 d - a potion of might
 e - a potion of cancellation {unknown}


   Skills:
 + Level 3.0 Fighting
 + Level 2.3 Short Blades
 + Level 3.0 Armour
 * Level 3.1 Shields


You had one spell level left.
You didn't know any spells.
Your spell library contained the following spells:

 Spells                   Type           Power      Damage    Failure   Level
 Sting                    Tmut/Pois      0%         1d3       100%        1
 Poisonous Vapours        Pois/Air       0%         N/A       100%        2
 Olgreb's Toxic Radiance  Pois           0%         N/A       100%        4


Dungeon Overview and Level Annotations

Branches:
Dungeon (2/15)

Altars:


Innate Abilities, Weirdness & Mutations

A weak demonic guardian rushes to your aid.


Message History

The bat hits you but does no damage. The kobold hits you but does no damage.
You are poisoned.
The adder barely misses you.
Unknown command.
Unknown command.
You closely miss the adder.
You feel sick. The adder bites you. The bat hits you but does no damage.
The kobold hits you with a +1 dagger of venom.
The adder bites you but does no damage. The kobold barely misses you.
You block the hobgoblin's attack.
Unknown command.
Unknown command.
Unknown command.
You closely miss the adder.
You feel sick. You block the bat's attack. The adder bites you.
You block the kobold's attack. The hobgoblin hits you. The adder bites you.
* * * LOW HITPOINT WARNING * * *
You are lethally poisoned!
The adder poisons you!
Unknown command.
Unknown command.
Unknown command.
You barely miss the adder.
* * * LOW HITPOINT WARNING * * *
You feel sick. The bat barely misses you. The adder bites you.
* * * LOW HITPOINT WARNING * * *
A demonic guardian appears!
You are more poisoned.
The adder poisons you!
The kobold hits you with a +1 dagger of venom.
* * * LOW HITPOINT WARNING * * *
You are more poisoned.
You block the hobgoblin's attack.
Unknown command.
Unknown command.
Unknown command.
Unknown command.
You hit the adder.
The adder is lightly wounded.
You die...

.........#
.........#
.........#
#.......#
#.......#
#....[..#
###.### #..S..#
#.g@5b#
.......K........
....#..?........
.............###
...........###
....##.....#
.... ####.## ...
..


You could see an adder, a hobgoblin, a bat (ally target), a kobold and a
friendly iron imp (summoned).

Vanquished Creatures
  A dart slug (D:1)
  A bat (D:1)
  2 goblins (D:1)
  5 hobgoblins (D:1)
  3 jackals (D:1)
  2 quokkas (D:1)
  A ball python (D:1)
  3 frilled lizards (D:1)
  2 kobolds (D:1)
  3 rats (D:1)
23 creatures vanquished.

Notes
Turn   | Place    | Note
-------+----------+-------------------------------------------
     0 | D:1      | bellerephron the Demonspawn Fighter began the quest for the
                  | Orb.
     0 | D:1      | Reached XP level 1. HP: 18/18 MP: 1/1
   210 | D:1      | Found a faded altar of an unknown god.
   237 | D:1      | Gained mutation: A weak demonic guardian rushes to your
                  | aid. [demonic ancestry]
   237 | D:1      | Reached XP level 2. HP: 23/24 MP: 2/2
  1030 | D:2      | Succumbed to a kobold's poison

Illustrated notes

Levels and vault maps discovered:
D:1:      saegor_arrival_simple_c, layout_basic, ebering_ecumenical_altar_mist,
          kennysheep_boxes
D:2:      layout_rooms, basic_altar, serial_shops, shop

Skill      XL: |  1  2 |
---------------+-------+-----
Short Blades   | 2 |  2.3
Shields        | 3 |  3.1
Armour         | 3 |  3.0
Fighting       | |  3.0

Action                   || total
-------------------------++-------
Melee: Rapier            ||    81
Armor: Scale mail        ||    40
Dodge: Dodged            ||    24
Block: Kite shield       ||    45
